 Dungeon Crawl Stone Soup version 0.27.1 (webtiles) character file.

Game seed: 11363700200744125398

375 pkoi the Slasher (level 6, -3/53 HPs)
             Began as a Minotaur Gladiator on Aug 25, 2021.
             Slain by an ogre (32 damage)
             ... on level 4 of the Dungeon.
             The game lasted 00:04:13 (4221 turns).

pkoi the Slasher (Minotaur Gladiator)               Turns: 4221, Time: 00:04:13

Health: -3/53      AC:  4    Str: 21    XL:     6   Next: 44%
Magic:  5/5        EV: 12    Int:  5    God:
Gold:   80         SH:  0    Dex: 11    Spells: 5/5 levels left

rFire    . . .     SeeInvis .   a - +0 long sword
rCold    . . .     Faith    .   (no shield)
rNeg     . . .     Spirit   .   b - +0 leather armour
rPois    .         Reflect  .   c - +0 hat
rElec    .         Harm     .   n - +0 cloak
rCorr    .         Rampage  .   (no gloves)
Will     .....                  (no boots)
Stlth    +.........             (no amulet)
HPRegen  0.17/turn              (no ring)
MPRegen  0.09/turn              (no ring)

@: no status effects
A: horns 2, retaliatory headbutt
a: no special abilities


You were on level 4 of the Dungeon.
You visited 1 branch of the dungeon, and saw 4 of its levels.

You collected 92 gold pieces.
You spent 12 gold pieces at shops.

Inventory:

Hand Weapons
 a - a +0 long sword (weapon)
Missiles
 d - 3 throwing nets (quivered)
 j - 4 boomerangs
 k - 3 boomerangs of dispersal
Armour
 b - a +0 leather armour (worn)
 c - a +0 hat (worn)
 n - a +0 cloak (worn)
Jewellery
 f - a +6 ring of dexterity
Wands
 o - a wand of iceblast (11)
Scrolls
 l - a scroll of teleportation
 m - a scroll of fear {unknown}
Potions
 e - a potion of brilliance {unknown}
 g - 2 potions of flight {unknown}
 h - 2 potions of attraction {unknown}
 i - a potion of cancellation {unknown}
 p - a potion of invisibility {unknown}


   Skills:
 + Level 4.5 Fighting
 * Level 6.8 Long Blades
 - Level 2.0 Throwing
 + Level 3.6 Armour
 - Level 3.2 Dodging


You had 5 spell levels left.
You didn't know any spells.
Your spell library contained the following spells:

 Spells                   Type           Power      Damage    Failure   Level
 Animate Dead             Necr           0%         N/A       99%         4
 Haunt                    Necr/Summ      0%         N/A       100%        7
 Infestation              Necr           0%         N/A       100%        8


Dungeon Overview and Level Annotations

Branches:
Dungeon (4/15)
 Temple: D:4-7

Altars:

Shops:
D:2 (   D:4 (*

Annotations:
D:3 3 runed translucent doors, nxtlvl's ghost, amateur HuGl


Innate Abilities, Weirdness & Mutations

You have a pair of horns on your head.
You reflexively headbutt those who attack you in melee.


Message History

You barely miss the black bear. The black bear bites you.
The black bear barely misses you. The black bear closely misses you.
You barely miss the black bear. You headbutt the black bear!
The black bear is heavily wounded.
The black bear barely misses you. The black bear closely misses you. x2
You barely miss the black bear.
The black bear is heavily wounded.
The black bear bites you.
The black bear claws you but does no damage.
The black bear barely misses you.
You completely miss the black bear.
The black bear is heavily wounded.
The black bear bites you.
The black bear claws you but does no damage.
The black bear claws you.
You slash the black bear! You headbutt the black bear.
You kill the black bear!
You see here a black bear corpse.
Unknown command.
Unknown command.
Unknown command.
Found 5 boomerangs.
An ogre comes into view. It is wielding a +0 giant club.
The ogre shouts!
You see here 13 gold pieces.
You now have 80 gold pieces (gained 13).
You hit the ogre. You headbutt the ogre!
The ogre is heavily wounded.
The ogre completely misses you.
You riposte.
You hit the ogre.
The ogre is heavily wounded.
You closely miss the ogre. You headbutt the ogre!
The ogre is almost dead.
You barely miss the ogre. Your headbutt misses the ogre.
The ogre is almost dead.
The ogre hits you with a +0 giant club!
You completely miss the ogre.
The ogre is almost dead.
The ogre hits you with a +0 giant club!!
Ouch! That really hurt!
You die...

# .# ########.##
#..(.......
#........
#......####
#$..O###..#
#..@##....#
#...#.....##
#..........#
#..........#
###........###
#.#........####
#.##..........####
#.####............
#.##.###..†.......


You could see an ogre.

Vanquished Creatures
  A black bear (D:4)
  An orc priest (D:3)
  A hound (D:3)
  An iguana (D:4)
  Crazy Yiuf (D:3)
  4 gnolls
  5 adders (D:3)
  3 worms
  2 dart slugs
  7 orcs (D:3)
  5 bats
  9 endoplasms
  3 giant cockroaches
  2 goblins
  9 hobgoblins
  8 jackals (D:2)
  5 ball pythons
  A frilled lizard (D:1)
  6 kobolds
  A quokka skeleton (D:4)
  3 rats
78 creatures vanquished.

Notes
Turn   | Place    | Note
-------+----------+-------------------------------------------
     0 | D:1      | pkoi the Minotaur Gladiator began the quest for the Orb.
     0 | D:1      | Reached XP level 1. HP: 18/18 MP: 0/0
   238 | D:1      | Reached skill level 4 in Long Blades
   268 | D:1      | Reached XP level 2. HP: 11/25 MP: 1/1
   500 | D:1      | Reached skill level 1 in Armour
  1282 | D:1      | Found a faded altar of an unknown god.
  1287 | D:1      | Reached XP level 3. HP: 30/30 MP: 2/2
  1598 | D:2      | Found Okosui's Weapon Shoppe.
  2250 | D:2      | Reached skill level 5 in Long Blades
  2363 | D:2      | Reached XP level 4. HP: 38/38 MP: 3/3
  2920 | D:3      | Noticed an ogre
  2921 | D:3      | Found a runed translucent gate.
  2921 | D:3      | Found a runed translucent gate.
  2921 | D:3      | Found a runed translucent gate.
  2932 | D:3      | Noticed nxtlvl's ghost (amateur HuGl)
  2933 | D:3      | Noticed a water moccasin
  3216 | D:3      | Reached XP level 5. HP: 45/46 MP: 4/4
  3605 | D:3      | Found a runed translucent door.
  3606 | D:3      | Noticed Crazy Yiuf
  3613 | D:3      | Killed Crazy Yiuf
  3855 | D:4      | Found Fixiwerch's Antique Weapon Boutique.
  3855 | D:4      | Found Ishev's General Store.
  3860 | D:4      | Bought a potion of degeneration for 12 gold pieces
  3874 | D:3      | Reached skill level 6 in Long Blades
  4188 | D:4      | Reached XP level 6. HP: 45/52 MP: 5/5
  4221 | D:4      | Slain by an ogre

Illustrated notes

Levels and vault maps discovered:
D:1:      dpeg_arrival_snail, layout_basic, shapermc_ecumenical_altar_acropolis,
          minmay_misc_feat_chi, grunt_decor_junction
D:2:      layout_basic, serial_shops,
          nicolae_shop_temple_entry_statues_fountains, cheibrodos_gnoll_hut
D:3:      layout_rooms, gammafunk_ghost_split, uniq_crazy_yiuf_cottage
D:4:      kennysheep_spiral_hall, layout_rooms,
          mainiacjoe_overflow_cross_hatched, serial_shops, shop, shop,
          goddamned_bats

Skill      XL: |  1  2  3  4  5 |
---------------+----------------+-----
Long Blades    | 4 5 6 |  6.8
Armour         | 1 2 3 |  3.6
Fighting       | 3 4 |  4.5
Throwing       | |  2.0
Dodging        | |  3.2

Action                   |  1- 3 |  4- 6 || total
-------------------------+-------+-------++-------
Melee: Long sword        |    64 |    90 ||   154
       Headbutt          |    13 |    15 ||    28
  Use: Scroll            |     2 |       ||     2
Armor: Leather armour    |    18 |    23 ||    41
Dodge: Dodged            |    38 |    57 ||    95
       Rpst.: Long sword |     8 |    20 ||    28
